 Dungeon Crawl Stone Soup version 0.19.0-18-g426998a (console) character file.

745371 nht the Hawkeye (level 27, 0/251 HPs)
             Began as a Minotaur Berserker on Nov 11, 2016.
             Was the Champion of the Shining One.
             Slain by Cerebov
             ... wielding the +6 sword of Cerebov {flame}
              (43 damage)
             ... in Pandemonium.
             The game lasted 03:57:24 (64392 turns).

nht the Hawkeye (Minotaur Berserker)               Turns: 64392, Time: 03:57:25

Health: 0/251      AC: 39    Str: 28    XL:     27
Magic:  8/8        EV: 27    Int:  6    God:    the Shining One [******]
Gold:   5335       SH:  0    Dex: 17    Spells: 0 memorised, 26 levels left

rFire  + . .     SeeInvis +     k - +9 executioner's axe (antimagic)
rCold  . . .     Gourm    .     f - +5 fire dragon scales
rNeg   + + +     Faith    .     (shield currently unavailable)
rPois  +         Spirit   .     d - +3 crown of Dyrovepreva {rElec Int+2 SInv}
rElec  +         Reflect  .     y - +2 cloak {MR+}
rCorr  .         Harm     .     i - +2 pair of gloves {archery}
MR     +++..                    x - +2 pair of boots {Fly}
Stlth  ..........               U - amulet of regeneration
                                D - ring "Lafuaga" {rPois AC+4 Slay+3}
                                F - ring "Fakamp" {rElec rC+ Str+2}

@: fire vulnerable, flying, very slightly contaminated, hasted (expiring),
glowing, very quick
A: retaliatory headbutt, horns 2, dopey 1, low mp 2, MP-powered wands
a: Divine Shield, Cleansing Flame, Summon Divine Warrior, Renounce Religion,
Stop Flying
}: 5/15 runes: decaying, serpentine, slimy, silver, demonic


You were in Pandemonium.
You worshipped the Shining One.
The Shining One was exalted by your worship.
You were not hungry.

You visited 10 branches of the dungeon, and saw 52 of its levels.
You visited Pandemonium 2 times, and saw 17 of its levels.
You visited the Abyss 1 time.
You also visited: Trove, Bailey, Ice Cave, Volcano and Desolation.

You collected 11209 gold pieces.
You spent 5874 gold pieces at shops.

Inventory:

Hand Weapons
 a - the +8 mithril axe "Arga" {speed, MR+}
   (Trog gifted it to you on level 3 of the Depths)

   Attacks with this weapon are significantly faster.
   It affects your resistance to hostile enchantments.
 k - a +9 antimagic executioner's axe (weapon)
 C - a +9 executioner's axe of holy wrath
Missiles
 H - 8 throwing nets
 J - 5 javelins of returning
 K - 4 silver tomahawks
 M - 38 tomahawks
 Q - 8 tomahawks of returning (quivered)
 V - 12 javelins
 X - 21 javelins of penetration
Armour
 d - the +3 crown of Dyrovepreva (worn) {rElec Int+2 SInv}
   (You found it on level 5 of the Pits of Slime)

   It affects your intelligence (+2).
   It insulates you from electricity.
   It lets you see invisible.
 f - +5 fire dragon scales (worn)
 i - a +2 pair of gloves of archery (worn)
 u - the +2 shield of Resistance {rF+ rC+ MR+}
   (You found it in a bailey)

   It protects you from fire.
   It protects you from cold.
   It affects your resistance to hostile enchantments.
 x - a +2 pair of boots of flying (worn)
 y - a +2 cloak of magic resistance (worn)
Jewellery
 B - an uncursed ring of resist corrosion
 D - the ring "Lafuaga" (right hand) {rPois AC+4 Slay+3}
   (You bought it in a shop on level 2 of the Depths)

   [ring of protection]

   It affects your AC (+4).
   It affects your accuracy and damage with ranged weapons and melee attacks
   (+3).
   It protects you from poison.
 F - the ring "Fakamp" (left hand) {rElec rC+ Str+2}
   (You found it on level 7 of the Dungeon)

   [ring of protection from cold]

   It affects your strength (+2).
   It protects you from cold.
   It insulates you from electricity.
 N - a cursed ring of protection from cold
 U - an amulet of regeneration (around neck)
Wands
 e - a wand of disintegration (9/24)
 h - a wand of heal wounds (6/9)
 j - a wand of teleportation (4/9)
 o - a wand of heal wounds (4/9)
 s - a wand of digging (16/24)
 t - a wand of digging (12/24)
 I - a wand of digging (13/24)
 L - a wand of hasting (4/9)
 W - a wand of teleportation (3/9)
Scrolls
 b - 11 scrolls of fog
 m - 2 scrolls of holy word
 n - 17 scrolls of recharging
 v - 26 scrolls of identify
 w - 7 scrolls of blinking
 A - 20 scrolls of teleportation
 P - 23 scrolls of remove curse
 Z - 6 scrolls of magic mapping
Potions
 g - 7 potions of cure mutation
 z - 3 potions of resistance
 E - a potion of agility
 G - 24 potions of curing
 S - 3 potions of heal wounds
Comestibles
 c - 37 bread rations
 l - 2 royal jellies
 p - 30 meat rations


   Skills:
 + Level 21.6 Fighting
 - Level 24.7 Axes
 * Level 26.8 Throwing
 + Level 21.5 Armour
 + Level 23.7 Dodging
 - Level 15.0 Shields
 - Level 15.0 Invocations


You had 26 spell levels left.
You didn't know any spells.

Dungeon Overview and Level Annotations

Branches:
Dungeon (15/15)            Temple (0/1) D:5            Lair (6/6) D:10
  Swamp (4/4) Lair:2        Snake (4/4) Lair:2        Slime (5/5) Lair:5
    Orc (2/2) D:10            Elf (3/3) Orc:2        Vaults (5/5) D:13
  Crypt (3/3) Vaults:3       Tomb (0/3) Crypt:3      Depths (5/5) D:15
    Zot (0/5) Depths:5

Altars:
Kikubaaqudgha
Makhleb
Okawaru
Ru
Vehumet
Xom
Zin
The Shining One
Jiyva

Shops:
D:5 [   D:10 (   D:11 *   D:12 }[*   Orc:2 =[(?   Elf:1 =   Elf:3 *?*
Snake:4 [   Vaults:5 [   Depths:2 ==}   Depths:4 [

Portals:
Hell: Depths:1 Depths:2 Depths:3 Depths:4 Depths:5
Abyss: Depths:4
Pandemonium: Depths:1 Depths:3 Depths:4
Ziggurat: Depths:5

Annotations:
Pan Cerebov


Innate Abilities, Weirdness & Mutations

You reflexively headbutt those who attack you in melee.
You have a pair of horns on your head.
You are dopey. (Int -2)
Your magical capacity is very low. (-20% MP)
You expend magic power (3 MP) to strengthen your wands.


Message History

Cerebov barely misses you. You furiously retaliate!
You headbutt Cerebov, but do no damage. You slice Cerebov!!
Cerebov's magic leaks into the air.
You headbutt Cerebov!
Cerebov is heavily wounded.
You slice the lorocyproca!! You slash Cerebov!
Cerebov's magic leaks into the air.
You headbutt Cerebov.
Cerebov is heavily wounded.
You slice the lorocyproca!!
Cerebov falters for a moment.
You barely miss Cerebov. You headbutt Cerebov, but do no damage.
Cerebov is heavily wounded.
You slice the lorocyproca!!
You kill the lorocyproca!
Cerebov hits you with a great serpentine sword {flame}!!
* * * LOW HITPOINT WARNING * * *
Cerebov burns you.
* * * LOW HITPOINT WARNING * * *
The sword of Cerebov burns away your fire resistance.
You feel much better.
Cerebov hits you with a great serpentine sword {flame}!!!
You die...

█...........................
.................)...........
..........................███
...█████.....█████........█ ..
█$$$█.....█)[:█....)...███ .
█$)$██...██)$:█...........
███$$$█.....█^=)███.........
██.██'██.....██/██.██........
██...........@)).....██....███
█..███████..&███████..█....█
█████.█ █...█ █.█████.█
█$}$█.█


█'''█ █.█[..█.█ █$)$'.█ █...█ █.'[.=█.█ █$}$█.█ ..... █.█..)█.███ █████.█
....... █.█████.... █...█ ...... █...█...... █.███ ███.█.....[ You could see
Cerebov.

Vanquished Creatures
  the Royal Jelly (Slime:5)
  9 pandemonium lords (Pan)
  Mara (Vaults:5)
  3 ancient liches
  Saint Roka (Vaults:5)
  Frederick (Depths:4)
  2 golden dragons
  Nikola (Swamp:2)
  2 bone dragons
  A Tzitzimitl (Pan)
  4 Brimstone Fiends (Pan)
  A hellephant (Pan)
  7 Hell Sentinels (Pan)
  Asterion (Snake:3)
  3 tentacled monstrosities (Vaults:5)
  3 titans (Vaults:5)
  3 liches
  3 deep elf blademasters
  4 deep elf master archers (Elf:3)
  3 quicksilver dragons
  2 sphinxes
  Frances (D:14)
  A tentacled starspawn (Abyss:2)
  7 Executioners (Pan)
  24 acid blobs
  6 shadow dragons
  3 ancient champions (Crypt:2)
  A thorn hunter (Swamp:3)
  Gastronok (Lair:1)
  5 storm dragons
  8 tengu reavers
  11 azure jellies
  Roxanne (Swamp:4)
  7 fire giants
  A revenant (Crypt:2)
  8 nagarajas
  The ghost of removeelyvilon the Markscentaur, a journeyman CeHu of Okawaru (Swamp:1)
  3 frost giants
  4 imperial myrmidons (Desolation)
  8 cacodemons
  4 warmongers (Pan)
  7 deep elf sorcerers
  Aizul (Vaults:1)
  13 balrugs (Pan)
  11 vault wardens
  A draconian shifter (Depths:5)
  An iron dragon (Vaults:5)
  2 angels (Pan)
  3 curse skulls
  2 ghouls (Crypt:3)
  15 ironheart preservers
  6 war gargoyles
  A deep elf elementalist (Elf:3)
  8 blood saints (Pan)
  7 reapers
  19 very ugly things
  32 stone giants
  7 vampire knights
  4 entropy weavers
  6 black suns (Pan)
  2 green draconians (Depths:5)
  A juggernaut skeleton (Crypt:1)
  9 deep elf demonologists
  A red draconian (Depths:5)
  Azrael (Elf:2)
  A black draconian (Depths:5)
  7 corrupters (Pan)
  A dire elephant (Lair:6)
  15 deep elf annihilators
  3 lorocyprocas (Pan)
  A halazid warlock (Desolation)
  A purple draconian (Depths:5)
  4 mottled draconians (Depths:5)
  6 spark wasps
  12 deep elf death magi
  12 ettins
  7 statues (Depths:4)
  11 green deaths
  2 eidola
  5 blizzard demons (Pan)
  13 death oozes
  7 crystal guardians
  8 fire dragons
  A quicksilver dragon zombie (Crypt:1)
  A merfolk impaler (Depths:5)
  4 ragged hierophants (Desolation)
  8 jiangshi
  18 great orbs of eyes
  The ghost of Nicoed the Transmogrifier, a journeyman OpTm of Makhleb (Orc:2)
  3 deep elf high priests
  15 rakshasas
  21 yaktaur captains
  Josephine (D:13)
  11 monstrous demonspawn
  The ghost of DEFE the Nimble, a journeyman TeAM of Okawaru (Volcano)
  A hell beast (Swamp:4)
  12 naga warriors
  Harold (Lair:1)
  6 servants of whispers
  7 spriggan air magi
  6 peacekeepers (Desolation)
  A catoblepas (Lair:6)
  7 ice dragons
  18 hydras
  35 vault guards
  8 anacondas
  14 centaur warriors
  9 alligators
  28 dancing weapons
  9 death knights
  8 deep troll shamans
  9 tengu warriors
  12 ogre magi
  A merfolk avatar (Lair:6)
  8 death yaks
  7 vampire magi
  A titan zombie (Crypt:3)
  12 naga sharpshooters
  A death yak (shapeshifter) (Vaults:5)
  3 orc high priests (Orc:2)
  A queen ant (Lair:4)
  6 thrashing horrors
  A spriggan berserker (Swamp:2)
  17 deep elf knights
  10 shock serpents
  26 sun demons
  9 deep troll earth magi
  A titan skeleton (Crypt:3)
  23 hell knights
  Sonja (D:10)
  3 shadow wraiths
  11 sixfirhies
  2 salamander mystics
  14 soul eaters
  4 iron trolls
  39 skeletal warriors
  A death drake (shapeshifter) (Depths:2)
  A sea snake (Lair:6)
  2 spectral anacondas (Depths:3)
  A death drake (Depths:3)
  16 torturous demonspawn
  A deep troll (shapeshifter) (Vaults:5)
  4 starcursed masses (Abyss:2)
  3 unseen horrors
  8 infernal demonspawn (Pan)
  29 deep trolls
  11 wizards
  4 spriggan druids
  5 shadow demons (Pan)
  5 swamp dragons
  11 glowing orange brains
  8 flayed ghosts
  2 orange crystal statues (Depths:3)
  15 deep elf archers
  19 orc knights
  2 shambling mangroves
  10 gelid demonspawn (Pan)
  8 naga ritualists
  An anaconda skeleton (Crypt:3)
  A shadow dragon zombie (Crypt:2)
  A hill giant (shapeshifter) (Vaults:5)
  3 wolf spider zombies
  20 ironbrand convokers
  15 phantasmal warriors
  15 necromancers
  24 hill giants
  13 mana vipers
  Pikel (D:5)
  58 deep elf magi
  10 cyclopes
  An iron dragon zombie (Crypt:3)
  3 wolf spiders
  4 shining eyes
  A frost giant zombie (Crypt:2)
  5 orc sorcerers
  7 harpies
  A manticore (shapeshifter) (Depths:5)
  A faun (shapeshifter) (Vaults:1)
  A fire giant skeleton (Crypt:2)
  A fire giant zombie (Crypt:2)
  14 salamanders
  39 ugly things
  3 manticores
  5 toenail golems (Volcano)
  A stone giant skeleton (Crypt:3)
  33 black mambas
  4 eyes of devastation
  30 naga magi
  3 rust devils (Pan)
  10 elephants
  A shock serpent zombie (Crypt:1)
  A black mamba (shapeshifter) (Vaults:2)
  26 smoke demons
  An elephant (shapeshifter) (Depths:2)
  A torpor snail (Lair:2)
  2 ice statues (IceCv)
  17 vault sentinels
  7 guardian serpents
  19 spiny frogs
  Psyche (D:10)
  7 gargoyles
  A molten gargoyle (Depths:2)
  13 orange demons
  19 hellions
  A yellow draconian zombie (Crypt:1)
  12 freezing wraiths
  An anaconda simulacrum (Depths:3)
  3 centaur skeletons
  A komodo dragon (shapeshifter) (D:13)
  A dire elephant skeleton (Crypt:3)
  10 komodo dragons
  4 rime drakes
  6 tormentors (Pan)
  A redback zombie (Crypt:1)
  10 demonic crawlers (Pan)
  3 spectral deep trolls (Crypt:2)
  5 tengu conjurers
  3 efreet (Pan)
  70 yaktaurs
  11 ice devils
  4 hellwings
  13 trolls
  2 ancient zymes (Abyss:2)
  A red draconian skeleton (Crypt:1)
  24 red devils
  7 tyrant leeches
  13 polar bears
  2 spectral merfolk (Depths:3)
  A wolf spider simulacrum (Abyss:2)
  32 two-headed ogres
  17 hornets
  169 slime creatures
  53 saltlings
  A hornet (shapeshifter) (Depths:3)
  5 dream sheep (Lair:6)
  10 raiju
  10 blink frogs
  12 hippogriffs
  An ice dragon zombie (Crypt:3)
  10 bog bodies
  2 ettin zombies
  2 meliai zombies
  A flying skull (Abyss:2)
  11 air elementals
  An ettin skeleton (Crypt:3)
  9 vampires
  A satyr skeleton (Crypt:2)
  An alligator skeleton (Crypt:2)
  15 redbacks
  10 spriggans
  17 shadows
  An ice dragon skeleton (Crypt:1)
  2 tarantellas (shapeshifter)
  4 basilisks
  18 wraiths
  4 fire elementals
  9 water elementals
  5 wyverns
  17 humans (D:13)
  19 ynoxinuls (Pan)
  2 basilisks (shapeshifter)
  2 hungry ghosts (Crypt:3)
  4 fire bats (Pan)
  A golden eye (shapeshifter) (Vaults:2)
  6 golden eyes
  23 yaks
  14 vampire mosquitoes
  9 neqoxecs
  14 chaos spawn
  14 wargs
  52 nagas
  21 swamp worms
  16 large abominations
  5 small abominations (Abyss:2)
  5 mottled dragons
  An infernal demonspawn zombie (Crypt:1)
  30 water moccasins
  A hydra simulacrum (Depths:3)
  4 soldier ants (Lair:4)
  10 insubstantial wisps
  A floating eye (Depths:3)
  21 hell hounds
  Duvessa (D:5)
  A spiny frog zombie (Crypt:3)
  3 spectral trolls (Depths:3)
  9 porcupines
  A manticore zombie (Crypt:3)
  49 orc warriors
  6 swamp drakes
  2 ice beasts (D:6)
  3 sky beasts
  A hornet zombie (D:14)
  A phantom (D:6)
  A black bear (shapeshifter) (D:15)
  12 black bears
  12 boggarts
  14 eyes of draining
  A boggart (shapeshifter) (Depths:2)
  A necrophage (Crypt:3)
  11 wolves
  32 centaurs
  2 snapping turtle zombies
  63 ogres
  10 crocodiles
  A big kobold (D:7)
  14 bullfrogs
  A fire crab zombie (Crypt:2)
  7 gnoll sergeants
  2 earth elementals (Elf:1)
  2 scorpions
  Dowan (D:5)
  2 wyvern skeletons
  A spectral ogre (Depths:3)
  A troll zombie (Crypt:3)
  8 killer bees
  2 spectral nagas (Depths:3)
  13 wights
  2 howler monkeys
  A raiju skeleton (Crypt:2)
  7 spectral centaurs (Depths:3)
  14 crimson imps
  2 bullfrog zombies
  7 quasits
  5 centaur zombies
  7 jellies
  8 gnoll shamans
  18 orc priests
  9 hounds
  45 orc wizards
  3 bullfrog skeletons
  4 iron imps
  6 iguanas
  14 worker ants
  A hell rat (D:10)
  A troll simulacrum (Depths:3)
  A spriggan simulacrum (Depths:3)
  A naga zombie (Crypt:1)
  A tengu skeleton (Crypt:2)
  2 mottled dragon skeletons (Crypt:2)
  2 hound skeletons
  31 gnolls
  10 adders
  2 naga simulacra (Depths:3)
  3 river rats
  6 shadow imps
  10 white imps
  11 ufetubi
  2 adder skeletons
  3 adder zombies
  3 worms
  3 dart slugs
  3 leopard geckos
  118 orcs
  4 ball pythons
  6 bats
  5 giant cockroaches
  4 hobgoblins
  15 jackals
  5 quokkas
  10 frilled lizards
  10 goblins
  A jackal skeleton (D:4)
  10 kobolds
  A leopard gecko skeleton (D:5)
  A quokka skeleton (D:7)
  4 rats
  4 briar patches (Swamp:3)
  5 bushes
  2 crawling corpses (Elf:3)
  4 fire vortices
  10 fungi
  A lurking horror (Abyss:2)
  4 plants
  2 starspawn tentacles (Abyss:2)
3224 creatures vanquished.

Vanquished Creatures (collateral kills)
  A nagaraja (Snake:4)
  A stone giant (Depths:3)
  2 ice dragons (Depths:5)
  2 naga warriors (Snake:4)
  A hydra (Lair:6)
  2 orc sorcerers (Orc:2)
  3 naga magi (Snake:4)
  A gargoyle (D:10)
  A troll (Orc:2)
  6 blink frogs
  A hippogriff (Lair:4)
  A basilisk (Lair:2)
  A soldier ant (Lair:4)
  A water moccasin (Lair:2)
  3 orc warriors (Orc:2)
  A porcupine (Lair:3)
  3 crocodiles
  2 gnoll sergeants (Bailey)
  An orc priest (Orc:2)
  A gnoll shaman (Bailey)
  2 orc wizards (Orc:2)
  A worker ant (Lair:4)
  3 gnolls (Bailey)
  4 orcs (Orc:2)
45 creatures vanquished.

Vanquished Creatures (others)
  A fire giant (Depths:3)
  A vampire knight (Depths:3)
  The ghost of Monkaria the Champion of Chaos, a journeyman DDEE of Makhleb (IceCv)
  A wizard (D:13)
  A boggart (Depths:2)
  A necrophage (Crypt:3)
  An ogre (Vaults:4)
  A wight (Depths:3)
  2 crimson imps
  An orc priest (Orc:2)
  A white imp (IceCv)
  3 ufetubi
  An orc (D:5)
  38 bushes (Depths:1)
  13 fungi
  A lurking horror (Abyss:2)
  26 plants
  2 starspawn tentacles (Abyss:2)
  6 withered plants (Crypt:3)
102 creatures vanquished.

Grand Total: 3371 creatures vanquished

Notes
Turn   | Place    | Note
-------+----------+-------------------------------------------
     0 | D:1      | nht the Minotaur Berserker began the quest for the Orb.
     0 | D:1      | Reached XP level 1. HP: 19/19 MP: 0/0
   158 | D:1      | Reached XP level 2. HP: 15/26 MP: 1/1
   213 | D:1      | HP: 1/26 [kobold/short sword (4)]
   534 | D:1      | Reached skill level 5 in Axes
   625 | D:1      | Reached XP level 3. HP: 31/31 MP: 2/2
   696 | D:1      | Reached ** piety under Trog
  1334 | D:2      | Reached XP level 4. HP: 33/39 MP: 3/3
  1958 | D:3      | Noticed a water moccasin
  1968 | D:3      | Killed a water moccasin
  1968 | D:3      | Reached XP level 5. HP: 45/45 MP: 4/4
  2404 | D:4      | Reached XP level 6. HP: 51/51 MP: 5/5
  2676 | D:4      | Reached *** piety under Trog
  2767 | D:4      | Reached XP level 7. HP: 42/57 MP: 6/6
  2797 | D:4      | Reached skill level 10 in Axes
  3347 | D:5      | Entered Level 5 of the Dungeon
  3361 | D:5      | Noticed Pikel
  3370 | D:5      | Killed Pikel
  3370 | D:5      | Reached XP level 8. HP: 60/64 MP: 7/7
  3530 | D:5      | Found a shimmering altar of Xom.
  3544 | D:5      | Found Katieb's Antique Armour Shoppe.
  3547 | D:5      | Bought a pair of bloodstained gloves for 218 gold pieces
  3552 | D:5      | Identified the cursed +0 pair of gloves of Defiance {rC- MR+ Int+4 Stlth+} (You bought it in a shop on level 5 of the Dungeon)
  3630 | D:5      | Found a staircase to the Ecumenical Temple.
  3804 | D:5      | Noticed Duvessa
  3805 | D:5      | Noticed Dowan
  3815 | D:5      | Killed Dowan
  3817 | D:5      | Killed Duvessa
  3981 | D:5      | Found a burning altar of Makhleb.
  4289 | D:5      | Bought a bronze leather armour for 161 gold pieces
  4320 | D:6      | Reached **** piety under Trog
  4384 | D:6      | Identified the cursed +0 leather armour "Rumuenif" {Str+2} (You bought it in a shop on level 5 of the Dungeon)
  4521 | D:6      | Found a glowing golden altar of the Shining One.
  4569 | D:6      | Reached XP level 9. HP: 70/70 MP: 8/8
  4943 | D:6      | Received a gift from Trog
  5460 | D:7      | Reached skill level 15 in Axes
  5537 | D:7      | Found an iron altar of Okawaru.
  5542 | D:7      | Got a transparent copper ring
  5543 | D:7      | Identified the ring "Fakamp" {rElec rC+ Str+2} (You found it on level 7 of the Dungeon)
  5965 | D:8      | Found a flagged portal.
  5974 | Bailey   | Entered a bailey
  5975 | Bailey   | new one?
  6401 | Bailey   | Reached XP level 10. HP: 80/80 MP: 9/9
  6445 | Bailey   | Got a pair of crude gloves
  6650 | D:8      | Reached skill level 5 in Fighting
  6702 | D:8      | Reached ***** piety under Trog
  6736 | D:8      | Identified the cursed +0 pair of gloves "Odghogeh" {rF+ Dex+3} (You found it in a bailey)
  7141 | D:9      | Noticed a death knight
  7141 | D:9      | Noticed a skeletal warrior
  7153 | D:9      | Killed a skeletal warrior
  7153 | D:9      | Reached skill level 5 in Armour
  7161 | D:9      | Killed a death knight
  8469 | D:9      | Reached XP level 11. HP: 88/92 MP: 10/10
  8581 | D:10     | Entered Level 10 of the Dungeon
  8581 | D:10     | Found Zicwidej's Antique Weapon Boutique.
  8581 | D:10     | Noticed Psyche
  8594 | D:10     | Killed Psyche
  8732 | D:10     | Found a staircase to the Orcish Mines.
  8835 | D:10     | Noticed Sonja
  8840 | D:10     | Killed Sonja
  8862 | D:10     | Found a staircase to the Lair.
  8924 | D:10     | Noticed a hill giant
  8937 | D:10     | Killed a hill giant
  9387 | Lair:1   | Entered Level 1 of the Lair of Beasts
  9482 | Lair:1   | Noticed Gastronok
  9503 | Lair:1   | Killed Gastronok
  9562 | Lair:1   | Reached ****** piety under Trog
  9573 | Lair:1   | Noticed Harold
  9586 | Lair:1   | Killed Harold
  9900 | Lair:1   | Received a gift from Trog
  9987 | Lair:1   | Reached XP level 12. HP: 96/100 MP: 11/11
 10390 | Lair:1   | Reached skill level 1 in Throwing
 10408 | Lair:2   | Reached skill level 2 in Throwing
 10487 | Lair:2   | Reached skill level 3 in Throwing
 10489 | Lair:2   | Found a staircase to the Swamp.
 10538 | Lair:2   | Reached skill level 4 in Throwing
 10569 | Lair:2   | Reached skill level 5 in Throwing
 10622 | Lair:2   | Found a dark tunnel.
 10768 | Volcano  | Entered a volcano
 10774 | Volcano  | Reached skill level 6 in Throwing
 10798 | Volcano  | Reached skill level 7 in Throwing
 10848 | Volcano  | Noticed DEFE's ghost (journeyman TeAM)
 10854 | Volcano  | Reached skill level 8 in Throwing
 10866 | Volcano  | Killed DEFE's ghost
 10948 | Volcano  | Reached skill level 9 in Throwing
 10957 | Volcano  | Received a gift from Trog
 11302 | Lair:2   | Noticed a death yak
 11302 | Lair:2   | Found a staircase to the Snake Pit.
 11305 | Lair:2   | Noticed a death yak
 11311 | Lair:2   | Killed a death yak
 11317 | Lair:2   | Killed a death yak
 11317 | Lair:2   | Reached skill level 10 in Throwing
 11507 | Lair:2   | Reached XP level 13. HP: 105/105 MP: 12/12
 12303 | Lair:4   | Reached skill level 11 in Throwing
 12617 | Lair:4   | Noticed an entropy weaver
 12618 | Lair:4   | Noticed an entropy weaver
 12623 | Lair:4   | Killed an entropy weaver
 12631 | Lair:4   | Killed an entropy weaver
 13371 | Lair:5   | Received a gift from Trog
 13505 | Lair:5   | You fall through a shaft!
 13505 | Lair:6   | Entered Level 6 of the Lair of Beasts
 13781 | Lair:6   | Reached skill level 12 in Throwing
 14064 | Lair:5   | Reached skill level 5 in Dodging
 14357 | Lair:5   | Found a staircase to the Slime Pits.
 14372 | Lair:5   | Received a gift from Trog
 14672 | Lair:6   | Reached XP level 14. HP: 116/116 MP: 13/13
 15555 | Orc:1    | Entered Level 1 of the Orcish Mines
 15561 | Orc:1    | Found a burning altar of Makhleb.
 15563 | Orc:1    | Received a gift from Trog
 15604 | Orc:1    | Found a frozen archway.
 15617 | IceCv    | Entered an ice cave
 15629 | IceCv    | Killed Monkaria's ghost
 15882 | IceCv    | Noticed a reaper
 15901 | IceCv    | Killed a reaper
 16368 | Orc:2    | Entered Level 2 of the Orcish Mines
 16462 | Orc:2    | Noticed Nicoed's ghost (journeyman OpTm)
 16479 | Orc:2    | Killed Nicoed's ghost
 16673 | Orc:2    | Found a staircase to the Elven Halls.
 16691 | Orc:2    | Received a gift from Trog
 17000 | Orc:2    | Received a gift from Trog
 17392 | Orc:2    | Paralysed by an orc sorcerer for 7 turns
 17665 | Orc:2    | Reached XP level 15. HP: 123/123 MP: 14/14
 17667 | Orc:2    | Received a gift from Trog
 17676 | Orc:2    | Found Estrast's Jewellery Emporium.
 17676 | Orc:2    | Found Guashrih's Magic Scroll Shop.
 17706 | Orc:2    | Found Nuegh's Armour Emporium.
 17706 | Orc:2    | Found Roeg's Antique Weapon Shop.
 17721 | Orc:2    | Bought a scroll of teleportation for 48 gold pieces
 17721 | Orc:2    | Bought a scroll of identify for 32 gold pieces
 17721 | Orc:2    | Bought a scroll of teleportation for 48 gold pieces
 17721 | Orc:2    | Bought a scroll of identify for 32 gold pieces
 17721 | Orc:2    | Bought a scroll of magic mapping for 56 gold pieces
 17724 | Orc:2    | Bought a +0 pair of boots of flying for 184 gold pieces
 17957 | D:5      | Bought a glowing cloak for 241 gold pieces
 17957 | D:5      | Bought a pair of embroidered gloves for 241 gold pieces
 18221 | D:11     | Found Zoturizuav's Assorted Antiques.
 18234 | D:11     | Bought a worn iron wand for 108 gold pieces
 18234 | D:11     | Bought a glowing ruby ring for 135 gold pieces
 18433 | D:11     | Identified a +0 rod of shadows (13/13) (You found it on level 11 of the Dungeon)
 18771 | D:12     | Found Herghim's Gadget Boutique.
 18792 | D:12     | Bought a wand of teleportation (4/9) for 432 gold pieces
 18893 | D:12     | Found Cargh's Armour Emporium.
 19485 | D:12     | Found Itaiqa's General Store.
 19500 | D:12     | Bought the cursed +0 plate armour "Qacyd" {Regen+ Dex+4} for 354 gold pieces
 19500 | D:12     | Bought a potion of curing for 30 gold pieces
 19500 | D:12     | Bought 2 potions of curing for 60 gold pieces
 20148 | D:13     | Noticed Josephine
 20158 | D:13     | Killed Josephine
 20158 | D:13     | Received a gift from Trog
 20424 | D:13     | Found an iron altar of Okawaru.
 20626 | D:13     | Found a gate to the Vaults.
 21244 | D:14     | Received a gift from Trog
 21350 | D:14     | Noticed Frances
 21361 | D:14     | Killed Frances
 21811 | D:15     | Entered Level 15 of the Dungeon
 22031 | D:15     | Reached XP level 16. HP: 132/132 MP: 15/15
 22232 | D:15     | Found a staircase to the Depths.
 22398 | D:15     | Received a gift from Trog
 22544 | D:15     | Reached skill level 13 in Throwing
 23141 | Orc:2    | Bought an uncursed ring of poison resistance for 280 gold pieces
 23259 | Snake:1  | Entered Level 1 of the Snake Pit
 23354 | Snake:1  | Received a gift from Trog
 23363 | Snake:1  | Reached skill level 10 in Fighting
 23521 | Snake:1  | Reached skill level 10 in Armour
 24300 | Snake:2  | Received a gift from Trog
 24618 | Snake:2  | Reached skill level 14 in Throwing
 25093 | Snake:3  | Noticed Asterion
 25111 | Snake:3  | Killed Asterion
 25152 | Snake:3  | Received a gift from Trog
 25275 | Snake:3  | Identified a +4 rod of ignition (10/10) (You found it on level 3 of the Snake Pit)
 25342 | Snake:3  | Received a gift from Trog
 25389 | Snake:3  | Reached XP level 17. HP: 93/144 MP: 16/16
 25805 | Snake:4  | Entered Level 4 of the Snake Pit
 25959 | Snake:4  | Found Nasinoi's Antique Armour Shop.
 26334 | Snake:4  | Reached skill level 15 in Throwing
 26523 | Snake:4  | Received a gift from Trog
 26721 | Snake:4  | Reached skill level 10 in Dodging
 27186 | Snake:4  | Received a gift from Trog
 27332 | Snake:4  | Got a serpentine rune of Zot
 27604 | Swamp:1  | Entered Level 1 of the Swamp
 27639 | Swamp:1  | Noticed removeelyvilon's ghost (journeyman CeHu)
 27683 | Swamp:1  | Killed removeelyvilon's ghost
 28219 | Swamp:2  | Reached XP level 18. HP: 150/156 MP: 17/17
 28502 | Swamp:2  | Reached skill level 16 in Throwing
 28627 | Swamp:2  | Received a gift from Trog
 28648 | Swamp:2  | Noticed Nikola
 28660 | Swamp:2  | Killed Nikola
 28820 | Swamp:2  | Received a gift from Trog
 29240 | Swamp:3  | Paralysed by a hornet for 1 turns
 29759 | Swamp:4  | Entered Level 4 of the Swamp
 29948 | Swamp:4  | Noticed Roxanne
 29960 | Swamp:4  | Killed Roxanne
 30457 | Swamp:4  | Received a gift from Trog
 30720 | Swamp:4  | Got a decaying rune of Zot
 30749 | Swamp:4  | Reached skill level 17 in Throwing
 30859 | Swamp:2  | Received a gift from Trog
 31137 | Depths:1 | Entered Level 1 of the Depths
 31167 | Depths:1 | Received a gift from Trog
 31478 | Depths:1 | Reached XP level 19. HP: 85/167 MP: 18/18
 31815 | Depths:1 | Found a one-way gate leading to the halls of Pandemonium.
 31905 | Depths:1 | Found a gateway to Hell.
 32015 | Depths:1 | Received a gift from Trog
 32016 | Depths:1 | Got a faintly glowing hand axe {god gift}
 32017 | Depths:1 | Identified the +12 hand axe "Hedonko" {freeze, rF+ MR+ Int+2} (Trog gifted it to you on level 1 of the Depths)
 32752 | Depths:2 | Received a gift from Trog
 32852 | Depths:2 | Reached skill level 18 in Throwing
 32861 | Depths:2 | Received a gift from Trog
 33116 | Depths:2 | Reached skill level 15 in Fighting
 33662 | Depths:2 | Reached skill level 15 in Armour
 33739 | Depths:2 | Found Oxyus's Gadget Emporium.
 33740 | Depths:2 | Found Foebad's Jewellery Shop.
 33740 | Depths:2 | Found Cyhonijec's Jewellery Shop.
 33750 | Depths:2 | Bought the ring "Lafuaga" {rPois AC+4 Slay+3} for 777 gold pieces
 34251 | Depths:3 | hey
 34255 | Depths:3 | Received a gift from Trog
 34275 | Depths:3 | Reached XP level 20. HP: 140/178 MP: 19/19
 34454 | Depths:3 | Reached skill level 19 in Throwing
 34955 | Depths:3 | Paralysed by a floating eye for 2 turns
 34982 | Depths:3 | Received a gift from Trog
 35310 | Depths:3 | Reached skill level 20 in Throwing
 35854 | Depths:3 | Received a gift from Trog
 36158 | Depths:3 | Noticed an ancient lich
 36172 | Depths:3 | Killed an ancient lich
 36634 | Lair:2   | Reached skill level 5 in Shields
 36634 | Lair:2   | Reached XP level 21. HP: 181/181 MP: 20/20
 36701 | Swamp:2  | Got a warped shield
 36702 | Swamp:2  | Identified the +5 shield "Sorupheo" {Int+2} (You found it on level 2 of the Swamp)
 37117 | Depths:4 | Found Qapluarr's Armour Shop.
 37122 | Depths:4 | Bought the quicksilver dragon scales of the Rabble {rC+ MR+} for 1554 gold pieces
 37276 | Depths:4 | Found a one-way gate to the infinite horrors of the Abyss.
 37314 | Depths:4 | Received a gift from Trog
 37881 | Depths:4 | Reached skill level 10 in Shields
 37907 | Depths:4 | Received a gift from Trog
 37999 | Depths:4 | Found a radiant altar of Vehumet.
 38001 | Depths:4 | Noticed Frederick
 38020 | Depths:4 | Killed Frederick
 38020 | Depths:4 | Reached XP level 22. HP: 189/189 MP: 21/21
 38148 | Depths:4 | Received a gift from Trog
 38274 | Depths:4 | Received a gift from Trog
 38633 | Depths:5 | Entered Level 5 of the Depths
 39034 | Depths:5 | Cast into level 2 of the Abyss (hell knight)
 39034 | Abyss:2  | Found a corrupted altar of Lugonu.
 39153 | Abyss:2  | Received a gift from Trog
 39176 | Abyss:2  | Reached skill level 15 in Shields
 39280 | Abyss:2  | Received a gift from Trog
 39464 | Abyss:2  | Found a shadowy altar of Dithmenos.
 39497 | Depths:5 | Escaped the Abyss
 39593 | Depths:5 | Reached skill level 21 in Throwing
 39845 | Depths:5 | Noticed a golden dragon
 39856 | Depths:5 | Killed a golden dragon
 39902 | Depths:5 | Found a gateway to a ziggurat.
 40113 | Depths:5 | Received a gift from Trog
 40266 | Depths:5 | Found a gate to the Realm of Zot.
 40424 | D:15     | Received a gift from Trog
 40546 | Vaults:1 | Entered Level 1 of the Vaults
 40606 | Vaults:1 | Reached XP level 23. HP: 194/198 MP: 22/22
 40613 | Vaults:1 | Found a sacrificial altar of Ru.
 40671 | Vaults:1 | Found a ruined gateway.
 40678 | Desolati | Entered the Desolation of Salt
 40787 | Desolati | Got a slimy golden ring
 40788 | Desolati | Identified the ring "Uhoteg" {Str+5 SInv} (You found it in the Desolation of Salt)
 40862 | Desolati | Received a gift from Trog
 41092 | Desolati | Got a slimy granite ring
 41098 | Desolati | Identified the ring "Qiwk" {Fire -Tele Dex+9 Slay+3 Stlth+} (You found it in the Desolation of Salt)
 41099 | Desolati | Identified the cursed +1 leather armour of Undesirable Species {*Slow rN+ Int+6} (You found it in the Desolation of Salt)
 41101 | Desolati | Identified the Incunabulum of Freezing Stones
 41123 | Desolati | Received a gift from Trog
 42132 | Vaults:1 | Noticed Aizul
 42140 | Vaults:1 | Killed Aizul
 42762 | Vaults:2 | Reached skill level 22 in Throwing
 43085 | Vaults:2 | Received a gift from Trog
 43289 | Vaults:2 | Received a gift from Trog
 44353 | Vaults:3 | Found a glowing silver altar of Zin.
 44520 | Vaults:3 | Received a gift from Trog
 44607 | Vaults:3 | Found a portal to a secret trove of treasure.
 44684 | Vaults:3 | Found a staircase to the Crypt.
 45151 | Vaults:4 | Received a gift from Trog
 45156 | Vaults:4 | Reached skill level 15 in Dodging
 45343 | Vaults:4 | Reached XP level 24. HP: 132/211 MP: 22/22
 45709 | Vaults:4 | Received a gift from Trog
 46601 | D:6      | Fell from the grace of Trog
 46601 | D:6      | Became a worshipper of the Shining One
 46899 | Crypt:1  | Entered Level 1 of the Crypt
 46945 | Crypt:1  | Reached * piety under the Shining One
 46979 | Crypt:1  | Reached ** piety under the Shining One
 47098 | Crypt:1  | Reached skill level 23 in Throwing
 47287 | Crypt:1  | Reached *** piety under the Shining One
 47298 | Crypt:1  | Reached skill level 1 in Invocations
 47678 | Crypt:2  | Reached skill level 5 in Invocations
 47736 | Crypt:2  | Reached **** piety under the Shining One
 47872 | Crypt:2  | Reached ***** piety under the Shining One
 48265 | Crypt:3  | Entered Level 3 of the Crypt
 48289 | Crypt:3  | Reached skill level 10 in Invocations
 48536 | Crypt:3  | Reached ****** piety under the Shining One
 48537 | Crypt:3  | Identified a +9 executioner's axe of holy wrath (a +9 executioner's axe of chopping blessed by the Shining One)
 48537 | Crypt:3  | Received a gift from the Shining One
 48873 | Crypt:3  | Found a staircase to the Tomb.
 48963 | Crypt:3  | Identified a scroll of acquirement
 48964 | Crypt:3  | Got a smoking ivory ring
 48965 | Crypt:3  | Identified the ring "Aquted" {MR+ Str+4 Dex+2} (You acquired it on level 3 of the Crypt)
 49198 | Crypt:3  | Found an ancient bone altar of Kikubaaqudgha.
 49214 | Crypt:3  | Noticed an ancient lich
 49226 | Crypt:3  | Killed an ancient lich
 49237 | Crypt:3  | Reached XP level 25. HP: 209/219 MP: 32/32
 49255 | Crypt:3  | Noticed an ancient lich
 49266 | Crypt:3  | Killed an ancient lich
 49288 | Crypt:3  | Identified the Tome of Cloudy Transmutation
 50155 | Elf:1    | Entered Level 1 of the Elven Halls
 50381 | Elf:1    | Reached skill level 15 in Invocations
 50775 | Elf:1    | Found Urithrod's Jewellery Shoppe.
 51175 | Elf:2    | Found a runed gate.
 51182 | Elf:2    | Found a runed gate.
 51182 | Elf:2    | Noticed Azrael
 51189 | Elf:2    | Killed Azrael
 51308 | Elf:2    | Found a runed gate.
 52123 | Elf:3    | Entered Level 3 of the Elven Halls
 52124 | Elf:3    | Found Utint's Assorted Antiques.
 52137 | Elf:3    | Bought a scroll labeled DYBEM XARIOZOP for 36 gold pieces
 52142 | Elf:3    | Found Funofrai's Magic Scroll Boutique.
 52149 | Elf:3    | Bought a scroll of blinking for 75 gold pieces
 52149 | Elf:3    | Bought a scroll of magic mapping for 35 gold pieces
 52149 | Elf:3    | Bought a scroll of teleportation for 30 gold pieces
 52149 | Elf:3    | Bought a scroll of recharging for 95 gold pieces
 52255 | Elf:3    | Found Kimanuh's Assorted Antiques.
 52263 | Elf:3    | Bought a scroll labeled OTATTU RIN IKA for 36 gold pieces
 52263 | Elf:3    | Bought a scroll of fog for 72 gold pieces
 52263 | Elf:3    | Bought a potion of curing for 108 gold pieces
 52263 | Elf:3    | Bought a potion of heal wounds for 180 gold pieces
 52263 | Elf:3    | Bought 2 potions of curing for 216 gold pieces
 53345 | Elf:3    | Got a smoking lapis lazuli ring
 53377 | Elf:3    | Got a transparent lead ring
 53425 | Elf:3    | Identified the cursed ring of Jofuxziu {rElec AC-4 Str+4 Dex+4} (You found it on level 3 of the Elven Halls)
 53427 | Elf:3    | Identified the cursed ring "Roegayrch" {rC++ Str+3 Dex-5 Slay-2} (You found it on level 3 of the Elven Halls)
 53443 | Elf:3    | Got a scorched plate armour
 53444 | Elf:3    | Identified the +1 plate armour of the Pure Beggars {rF+ Slay+2} (You found it on level 3 of the Elven Halls)
 54351 | Slime:1  | Entered Level 1 of the Pits of Slime
 54858 | Slime:2  | Reached XP level 26. HP: 188/234 MP: 33/33
 55298 | Slime:3  | Found a viscous altar of Jiyva.
 55374 | Slime:3  | Reached skill level 24 in Throwing
 55491 | Slime:3  | Gained mutation: You are weak. (Str -2) [a shining eye]
 55903 | Slime:4  | Paralysed by Trog for 3 turns
 56082 | Slime:5  | Entered Level 5 of the Pits of Slime
 56119 | Slime:4  | wtf is with this shit ring
 56348 | Slime:5  | Gained mutation: You expend magic power (3 MP) to strengthen your wands. [a shining eye]
 56482 | Slime:5  | Found a viscous altar of Jiyva.
 56496 | Slime:5  | Noticed the Royal Jelly
 56532 | Slime:5  | Killed the Royal Jelly
 56687 | Slime:5  | Got a slimy rune of Zot
 56834 | Slime:5  | Was forgiven by Trog
 57500 | Vaults:3 | You showed the slimy rune of Zot to enter a treasure trove
 57501 | Trove    | Entered a treasure trove
 57712 | Vaults:5 | Entered Level 5 of the Vaults
 57965 | Vaults:5 | Got a polished war axe {venom}
 57966 | Vaults:5 | Identified the +8 war axe "Veush" {venom, rF+ Dex+3} (You took it off an orc on level 5 of the Vaults)
 58025 | Vaults:5 | Noticed Mara
 58033 | Vaults:5 | Killed Mara
 58116 | Vaults:5 | Noticed Saint Roka
 58134 | Vaults:5 | Killed Saint Roka
 58247 | Vaults:5 | Reached XP level 27. HP: 214/244 MP: 33/33
 58272 | Vaults:5 | Got a silver rune of Zot
 58705 | Vaults:5 | Found Wairool's Armour Boutique.
 58934 | Vaults:5 | Got a scorched cloak
 58935 | Vaults:5 | Identified the cursed +0 cloak "Qiedd" {rF+} (You found it on level 5 of the Vaults)
 59865 | Pan      | Entered Pandemonium
 59885 | Pan      | Gained mutation: Scrolls take you a little longer to read. [a neqoxec]
 59892 | Pan      | Found a runed door.
 59947 | Pan      | Found a runed door.
 60088 | Pan      | Found a runed door.
 60168 | Pan      | Found a runed door.
 60340 | Pan      | Found an exit through the horrors of the Abyss.
 60449 | Pan      | Noticed Plog the pandemonium lord
 60451 | Pan      | hehe
 60509 | Pan      | Killed Plog the pandemonium lord
 60509 | Pan      | Reached skill level 25 in Throwing
 60521 | Pan      | Got a flickering ruby amulet
 60524 | Pan      | Identified the amulet of Rouroka {Spirit rC+ Dex+4} (You found it in Pandemonium)
 60960 | Pan      | Found an exit through the horrors of the Abyss.
 61188 | Pan      | Noticed Cistromnu the pandemonium lord
 61224 | Pan      | Lost mutation: You are weak. (Str -2) [potion of cure mutation]
 61224 | Pan      | Lost mutation: Scrolls take you a little longer to read. [potion of cure mutation]
 61492 | Pan      | Killed Cistromnu the pandemonium lord
 61592 | Pan      | Gained mutation: You are dopey. (Int -2) [a cacodemon]
 61807 | Pan      | Found an exit through the horrors of the Abyss.
 61993 | Pan      | Gained mutation: Your magical capacity is low. (-10% MP) [a cacodemon]
 62080 | Pan      | Noticed Ofrurr the pandemonium lord
 62113 | Pan      | Killed Ofrurr the pandemonium lord
 62362 | Pan      | Got a flickering amethyst amulet
 62364 | Pan      | Got a demonic rune of Zot
 62367 | Pan      | Identified the amulet of Lucidity {Inacc rPois rC++ Str-3 Int+4} (You found it in Pandemonium)
 62513 | Pan      | Noticed Fucs the pandemonium lord
 62529 | Pan      | Killed Fucs the pandemonium lord
 62617 | Pan      | Found an exit through the horrors of the Abyss.
 62766 | Pan      | Noticed Duluil the pandemonium lord
 62771 | Pan      | Killed Duluil the pandemonium lord
 62771 | Pan      | Reached skill level 26 in Throwing
 62865 | Pan      | Found an exit through the horrors of the Abyss.
 62896 | Pan      | Noticed Hosesi the pandemonium lord
 62910 | Pan      | Killed Hosesi the pandemonium lord
 62928 | Pan      | Noticed Socuplea the pandemonium lord
 62934 | Pan      | Killed Socuplea the pandemonium lord
 62980 | Depths:1 | Escaped Pandemonium
 62982 | Pan      | Entered Pandemonium
 63066 | Pan      | Gained mutation: Your magical capacity is very low. (-20% MP) [a neqoxec]
 63112 | Pan      | Found an exit through the horrors of the Abyss.
 63127 | Pan      | Found a runed door.
 63533 | Pan      | Noticed Pefinin the pandemonium lord
 63539 | Pan      | Killed Pefinin the pandemonium lord
 63683 | Pan      | Found an exit through the horrors of the Abyss.
 63900 | Pan      | Noticed Ynoted the pandemonium lord
 63909 | Pan      | Killed Ynoted the pandemonium lord
 64021 | Pan      | Entered the realm of Cerebov.
 64126 | Pan      | Found an exit through the horrors of the Abyss.
 64260 | Pan      | Identified the Volume of Icy Intoxication
 64310 | Pan      | Got a flickering iron ring
 64317 | Pan      | Identified the ring of Musting {rF+ rC- MP+9 Dex+6 Stlth+} (You found it in Pandemonium)
 64361 | Pan      | Noticed Cerebov
 64392 | Pan      | Identified the +6 sword of Cerebov {flame}
 64392 | Pan      | Slain by Cerebov

Skill      XL: |  1  2  3  4  5  6  7  8  9 10 11 12 13 14 15 16 17 18 19 20 21 22 23 24 25 26 27 |
---------------+----------------------------------------------------------------------------------+-----
Axes           | 4 5 7 8 9 11 13 16 17 19 20 22 24 | 24.7
Fighting       | 4 7 8 9 11 12 14 15 17 18 19 21 | 21.6
Armour         | 3 6 8 9 11 12 13 15 16 17 18 19 21 | 21.5
Throwing       | 10 12 14 15 17 18 20 21 22 23 24 26 | 26.8
Dodging        | 5 6 8 10 12 13 15 16 21 23 | 23.7
Shields        | 5 10 15 | 15.0
Invocations    | 13 15 | 15.0

Action                   |  1- 3 |  4- 6 |  7- 9 | 10-12 | 13-15 | 16-18 | 19-21 | 22-24 | 25-27 || total
-------------------------+-------+-------+-------+-------+-------+-------+-------+-------+-------++-------
Melee: Hand axe          |    95 |   112 |       |       |       |       |       |       |       ||   207
       Headbutt          |    15 |    25 |    52 |   109 |   244 |   348 |   229 |   637 |   782 ||  2441
       War axe           |       |    23 |   306 |   114 |       |       |       |       |       ||   443
       Battleaxe         |       |       |       |   345 |   540 |  1245 |    94 |       |       ||  2224
       Broad axe         |       |       |       |       |   522 |       |   345 |  1859 |  1863 ||  4589
       Executioner's axe |       |       |       |       |       |       |   337 |       |   611 ||   948
Throw: Tomahawk          |       |       |       |       |    36 |   159 |    79 |    25 |   319 ||   618
       Javelin           |       |       |       |       |     4 |    44 |   117 |   267 |    26 ||   458
       Throwing net      |       |       |       |       |     3 |       |       |       |     2 ||     5
Invok: Berserk           |       |     2 |     9 |    14 |    12 |    13 |    10 |     2 |       ||    62
       Burn Spellbooks   |       |       |     1 |     2 |     3 |     2 |     2 |     3 |       ||    13
       Brothers in Arms  |       |       |     1 |     2 |     3 |     3 |     1 |     1 |       ||    11
       Trog's Hand       |       |       |       |       |     4 |     1 |     2 |     3 |       ||    10
       Brand Weapon With |       |       |       |       |       |       |       |     1 |       ||     1
       Cleansing Flame   |       |       |       |       |       |       |       |       |     3 ||     3
       Divine Shield     |       |       |       |       |       |       |       |       |     1 ||     1
Evoke: Wand              |       |       |       |    22 |    51 |    22 |     3 |       |     1 ||    99
       Box of beasts     |       |       |       |       |     1 |       |       |       |       ||     1
  Use: Scroll            |       |     7 |    13 |    11 |    17 |     6 |    10 |    18 |    28 ||   110
       Potion            |       |       |       |    11 |     4 |     1 |     3 |     2 |    29 ||    50
 Stab: Paralysed         |       |       |       |     1 |       |       |       |       |       ||     1
       Sleeping          |       |       |       |     2 |     2 |       |       |       |       ||     4
       Distracted        |       |       |       |     1 |       |       |       |     1 |     1 ||     3
       Held in net/web   |       |       |       |       |       |       |       |       |     1 ||     1
  Eat: Chunk             |     1 |     7 |    19 |    29 |    44 |    12 |    21 |    18 |    19 ||   170
       Fruit             |       |       |       |     2 |     2 |    15 |       |    11 |     5 ||    35
       Royal jelly       |       |       |       |       |     1 |       |     2 |     2 |     1 ||     6
       Beef jerky        |       |       |       |       |       |     9 |     2 |     4 |     7 ||    22
       Pizza             |       |       |       |       |       |     7 |       |     1 |     2 ||    10
       Meat ration       |       |       |       |       |       |       |       |       |     3 ||     3
Armor: Animal skin       |     4 |       |       |       |       |       |       |       |       ||     4
       Plate armour      |    54 |   102 |   181 |   214 |   502 |   604 |    50 |       |       ||  1707
       Troll leather arm |       |       |       |     7 |    25 |       |       |       |       ||    32
       Skin              |       |       |       |       |     5 |       |       |       |       ||     5
       Fire dragon scale |       |       |       |       |       |       |   209 |       |   470 ||   679
       Quicksilver drago |       |       |       |       |       |       |    32 |   282 |    98 ||   412
Dodge: Dodged            |    51 |    46 |   119 |   115 |   422 |   565 |   505 |   542 |  1227 ||  3592
Block: Shield            |       |       |       |       |       |       |    60 |   823 |   832 ||  1715
